 Dungeon Crawl Stone Soup version 0.29.1 (webtiles) character file.

Game seed: 16081599660790221813

15804 qw the Protected (level 12, 0/77 HPs)
             Began as a Gargoyle Fighter on Sept 13, 2022.
             Slain by an orc warrior
             ... wielding a +0 trident
              (7 damage)
             ... on level 11 of the Dungeon.
             The game lasted 00:04:45 (12249 turns).

qw the Protected (Gargoyle Fighter)                Turns: 12249, Time: 00:04:45

Health: 0/77       AC: 32    Str: 26    XL:     12   Next: 30%
Magic:  12/12      EV:  8    Int:  8    God:
Gold:   485        SH:  6    Dex: 15    Spells: 11/11 levels left

rFire   . . .      SeeInvis .   v - +0 war axe (vamp)
rCold   . . .      Faith    .   c - +0 buckler
rNeg    + . .      Spirit   .   j - +0 plate armour
rPois   inf        Reflect  .   (no helmet)
rElec   +          Harm     .   r - +0 cloak
rCorr   .          Rampage  .   g - +1 pair of gloves
Will    .....                   (no boots)
Stlth   ..........              s - amulet of regeneration
HPRegen 1.02/turn               e - +4 ring of protection
MPRegen 0.13/turn               h - +6 ring of dexterity

@: about to teleport, marked
A: sickness immunity, AC +8, negative energy resistance 1, electricity
resistance, torment resistance 1, petrification resistance
a: no special abilities


You were on level 11 of the Dungeon.
You visited 1 branch of the dungeon, and saw 11 of its levels.

You collected 485 gold pieces.


Innate Abilities, Weirdness & Mutations

You are immune to sickness and miasma.
Your stone body is resilient. (AC +8)
You are immune to poison.
You resist negative energy. (rN+)
You are resistant to electric shocks. (rElec)
You are resistant to unholy torment.
You are immune to petrification.


   Skills:
 + Level 9.7 Fighting
 - Level 12.0 Axes
 - Level 1.3 Throwing
 - Level 12.8 Armour
 - Level 3.0 Dodging
 - Level 6.1 Shields


You had 11 spell levels left.
You didn't know any spells.
Your spell library was empty.

Inventory:

Hand Weapons
 t - a +0 morningstar
 v - a +0 vampiric war axe (weapon)
Missiles
 f - 6 boomerangs (quivered)
Armour
 c - a +0 buckler (worn)
 g - a +1 pair of gloves (worn)
 j - a +0 plate armour (worn)
 r - a +0 cloak (worn)
Jewellery
 e - a +4 ring of protection (left hand)
 h - a +6 ring of dexterity (right hand)
 s - an amulet of regeneration (around neck)
 x - a ring of resist corrosion
Scrolls
 a - 2 scrolls of fog
 b - 2 scrolls of teleportation
 n - 2 scrolls of blinking
 o - a scroll of summoning {unknown}
 p - 2 scrolls of identify
Potions
 d - 2 potions of might
 i - 3 potions of cancellation
 k - a potion of attraction
 l - 5 potions of haste
 m - 7 potions of curing
 q - a potion of lignification

Dungeon Overview and Level Annotations

Branches:
Dungeon (11/15)            Temple (0/1) D:6            Lair (0/5) D:10
    Orc: D:9-12

Altars:
Kikubaaqudgha
Nemelex Xobeh
Ru
Yredelemnul

Shops:
D:8 (   D:9 *

Annotations:
D:5 1 runed translucent door, qw's ghost, novice GrFi


Message History

You hit the two-headed ogre but do no damage.
You hit the wraith.
The boulder beetle bites you but does no damage.
You block the wraith's attack.
An orc priest comes into view. It is wielding a +0 flail.
The orc warrior hits you but does no damage.
The two-headed ogre hits you with a +0 giant club! x2
You hit the boulder beetle but do no damage.
The boulder beetle is heavily wounded.
You closely miss the wraith. You slash the two-headed ogre!
You feel better. The boulder beetle bites you!! The wraith barely misses you.
The orc warrior hits you but does no damage.
12247 ||| READING 3 scrolls of teleportation.
As you read the scroll of teleportation, it crumbles to dust.
You feel strangely unstable. The two-headed ogre closely misses you.
The two-headed ogre hits you but does no damage.
You block the boulder beetle's attack.
An acid dragon comes into view.
The wraith hits you but does no damage.
The orc warrior hits you but does no damage.
You slash the boulder beetle!
You feel better.
The boulder beetle is heavily wounded.
You hit the two-headed ogre but do no damage.
You completely miss the wraith.
The boulder beetle bites you but does no damage.
The wraith hits you but does no damage. The orc warrior closely misses you.
A six-headed hydra comes into view.
The two-headed ogre hits you with a +0 giant club!
The two-headed ogre hits you but does no damage.
You hit the boulder beetle.
The boulder beetle is heavily wounded.
You hit the two-headed ogre but do no damage.
You slash the wraith! You block the boulder beetle's attack.
You block the wraith's attack.
The orc wizard casts a spell.
The orc wizard flickers and vanishes!
Deactivating autopickup; reactivate with Ctrl-A.
The orc warrior hits you from afar with a +0 trident!
You die...

.......# .......# #...#
.......# #...# .##
.......# #...# .o.
.......# #...# ..D.
.......# #...# 0..|.
...<...#####...#####.....
.................Bo......
................@Oyo.....
.......#####.....W{......
.......# #...#####.....
.......# #...# ....
######.# #...# .. #.#
#...# #.# #...# #.# #...#
#.# #...#


You could see a boulder beetle, a six-headed hydra, a two-headed ogre, a hornet,
a wraith, an orc warrior and an orc priest.

Vanquished Creatures
  Erica (D:9)
  Pikel (D:9)
  Joseph (D:9)
  4 kobold demonologists
  An unseen horror (D:8)
  6 unseen horror zombies (D:9)
  2 trolls
  A hornet (D:9)
  7 yaks
  Grum (D:9)
  3 steam dragons
  An acid dragon (D:10)
  A water moccasin (D:10)
  An ice beast (D:6)
  4 orc warriors
  3 sky beasts
  A hornet zombie (D:9)
  5 black bears
  2 ogres
  3 wolves (D:9)
  3 centaurs
  8 bullfrogs
  A kobold brigand (D:9)
  A gnoll sergeant (D:5)
  2 necrophages (D:10)
  9 wights
  15 killer bees
  5 howler monkeys
  4 electric eels (D:6)
  A human zombie (D:10)
  A centaur zombie (D:9)
  5 orc priests
  7 hounds
  2 gnoll boudas
  5 iguanas
  7 orc wizards
  4 mummies (D:10)
  3 howler monkey zombies
  11 gnolls
  9 adders
  3 white imps
  2 worms
  35 orcs
  6 endoplasms
  4 giant cockroaches
  5 goblins
  6 hobgoblins
  3 jackals (D:1)
  A quokka (D:4)
  6 ball pythons
  9 bats
  4 frilled lizards
  23 kobolds
  6 rats
265 creatures vanquished.

Vanquished Creatures (others)
  A bullfrog (D:8)
  46 fungi (D:10)
  50 plants (D:10)
97 creatures vanquished.

Grand Total: 362 creatures vanquished

Notes
Turn   | Place    | Note
-------+----------+-------------------------------------------
     0 | D:1      | qw the Gargoyle Fighter began the quest for the Orb.
     0 | D:1      | Reached XP level 1. HP: 14/14 MP: 1/1
     0 | D:1      | 0 ||| qw: Version: 0.1-a-119-g272c26d
     0 | D:1      | 0 ||| qw: Game counter: 11184
     0 | D:1      | 0 ||| qw: Always use a shield: true
     0 | D:1      | 0 ||| qw: God list: Okawaru
     0 | D:1      | 0 ||| qw: Allow faded altars: false
     0 | D:1      | 0 ||| qw: Do Orc after D:15 true
     0 | D:1      | 0 ||| qw: Do second Lair branch before Depths: true
     0 | D:1      | 0 ||| qw: Lair rune preference: random
     0 | D:1      | 0 ||| qw: Plans: Normal, Zot, God:TSO, Crypt, Tomb, Pan,
                  | Slime, Hells, Zig, Abyss, Orb
     0 | D:1      | 0 ||| PLANNING D:1-11
   130 | D:1      | Reached XP level 2. HP: 19/19 MP: 2/2
   141 | D:1      | Found a faded altar of an unknown god.
   176 | D:1      | 176 ||| Stepping ~*~*~tactically~*~*~ (stealth).
   280 | D:1      | 280 ||| Stepping ~*~*~tactically~*~*~ (stealth).
   434 | D:1      | Reached skill level 3 in Axes
   661 | D:1      | Reached XP level 3. HP: 23/23 MP: 3/3
  1209 | D:1      | 1209 ||| DROPPING scarf of invisibility.
  1210 | D:1      | 1210 ||| UPGRADING to +0 plate armour.
  1220 | D:1      | 1220 ||| DROPPING +0 scale mail.
  1221 | D:1      | 1221 ||| READING 2 scrolls labelled VAUNUAG NIROE.
  1222 | D:1      | 1222 ||| READING scroll labelled GAUDIE BOVEUN.
  1227 | D:1      | 1227 ||| READING scroll labelled YBLICZ WOIM.
  1228 | D:1      | 1228 ||| DRINKING 2 sapphire potions.
  1229 | D:1      | 1229 ||| DRINKING 2 fizzy silvery potions.
  2172 | D:2      | 2172 ||| UPGRADING to +0 pair of gloves.
  2177 | D:2      | 2177 ||| READING scroll labelled JUQ KOIZAWE.
  2200 | D:3      | 2200 ||| Stepping ~*~*~tactically~*~*~ (stealth).
  2202 | D:3      | 2202 ||| Stepping ~*~*~tactically~*~*~ (stealth).
  2210 | D:3      | Reached XP level 4. HP: 21/28 MP: 4/4
  2212 | D:3      | 2212 ||| FLEEEEING.
  2213 | D:3      | 2213 ||| FLEEEEING.
  2214 | D:3      | 2214 ||| FLEEEEING.
  2215 | D:3      | 2215 ||| FLEEEEING.
  2216 | D:3      | 2216 ||| FLEEEEING.
  2217 | D:3      | 2217 ||| FLEEEEING.
  2218 | D:3      | 2218 ||| FLEEEEING.
  2219 | D:3      | 2219 ||| FLEEEEING.
  2220 | D:3      | 2220 ||| FLEEEEING.
  2221 | D:3      | 2221 ||| STAIRDANCE
  2495 | D:3      | 2495 ||| DROPPING +0 club.
  2690 | D:3      | Reached XP level 5. HP: 27/32 MP: 5/5
  2789 | D:3      | 2789 ||| Stepping ~*~*~tactically~*~*~ (hiding).
  2790 | D:3      | 2790 ||| Stepping ~*~*~tactically~*~*~ (hiding).
  2800 | D:3      | 2800 ||| Stepping ~*~*~tactically~*~*~ (stealth).
  2914 | D:3      | 2914 ||| DROPPING +0 whip.
  3012 | D:3      | 3012 ||| Stepping ~*~*~tactically~*~*~ (stealth).
  3013 | D:3      | 3013 ||| Stepping ~*~*~tactically~*~*~ (stealth).
  3014 | D:3      | 3014 ||| Stepping ~*~*~tactically~*~*~ (stealth).
  3487 | D:3      | 3487 ||| UPGRADING to +4 ring of protection.
  3536 | D:4      | Reached XP level 6. HP: 39/39 MP: 6/6
  3632 | D:4      | 3632 ||| Stepping ~*~*~tactically~*~*~ (stealth).
  3640 | D:4      | HP: 3/39 [ogre/+0 giant spiked club (14)]
  3641 | D:4      | 3641 ||| READING 3 scrolls of teleportation.
  4154 | D:4      | Found a sparkling altar of Nemelex Xobeh.
  4406 | D:4      | 4406 ||| READING scroll labelled ZYXZOR CUEC.
  4407 | D:4      | 4407 ||| READING scroll labelled ODATODW VUEFU.
  4408 | D:4      | 4408 ||| READING scroll labelled UQIZYPLA RAU.
  4409 | D:4      | 4409 ||| READING scroll labelled QEUTUN VEMOKUA.
  4410 | D:4      | 4410 ||| READING 3 scrolls of identify.
  4410 | D:4      | 4410 ||| IDENTIFYING amethyst potion
  4411 | D:4      | 4411 ||| READING 2 scrolls of identify.
  4411 | D:4      | 4411 ||| IDENTIFYING dark potion
  4412 | D:4      | 4412 ||| DROPPING potion of magic.
  4413 | D:4      | 4413 ||| DROPPING potion of ambrosia.
  4435 | D:5      | Entered Level 5 of the Dungeon
  4558 | D:5      | Reached skill level 6 in Axes
  4695 | D:5      | Reached XP level 7. HP: 44/44 MP: 7/7
  4730 | D:5      | 4730 ||| FLEEEEING.
  4731 | D:5      | 4731 ||| FLEEEEING.
  4732 | D:5      | 4732 ||| FLEEEEING.
  4733 | D:5      | 4733 ||| FLEEEEING.
  4734 | D:5      | 4734 ||| STAIRDANCE
  4877 | D:5      | Found a runed translucent door.
  4878 | D:5      | 4878 ||| Stepping ~*~*~tactically~*~*~ (stealth).
  4894 | D:5      | Noticed qw's ghost (novice GrFi)
  4902 | D:5      | 4902 ||| Stepping ~*~*~tactically~*~*~ (stealth).
  4904 | D:5      | 4904 ||| Stepping ~*~*~tactically~*~*~ (stealth).
  4906 | D:5      | 4906 ||| Stepping ~*~*~tactically~*~*~ (hiding).
  5108 | D:5      | 5108 ||| Stepping ~*~*~tactically~*~*~ (hiding).
  5198 | D:5      | 5198 ||| Stepping ~*~*~tactically~*~*~ (stealth).
  5352 | D:5      | 5352 ||| UPGRADING to +6 ring of dexterity.
  5353 | D:5      | 5353 ||| READING scroll labelled POPRAJ BOTARGHU.
  5354 | D:5      | 5354 ||| READING scroll labelled WUITET MARER.
  5355 | D:5      | 5355 ||| READING 2 scrolls of identify.
  5355 | D:5      | 5355 ||| IDENTIFYING clear potion
  5382 | D:6      | Reached skill level 1 in Dodging
  5426 | D:6      | Reached XP level 8. HP: 42/49 MP: 8/8
  5480 | D:6      | Reached skill level 1 in Throwing
  5670 | D:6      | 5670 ||| FLEEEEING.
  5671 | D:6      | 5671 ||| FLEEEEING.
  5672 | D:6      | 5672 ||| FLEEEEING.
  5673 | D:6      | 5673 ||| FLEEEEING.
  5674 | D:6      | 5674 ||| Stepping ~*~*~tactically~*~*~ (hiding).
  5680 | D:6      | 5680 ||| Stepping ~*~*~tactically~*~*~ (stealth).
  5876 | D:6      | Found a staircase to the Ecumenical Temple.
  5977 | D:6      | 5977 ||| FLEEEEING.
  5978 | D:6      | 5978 ||| FLEEEEING.
  5979 | D:6      | 5979 ||| FLEEEEING.
  5980 | D:6      | 5980 ||| FLEEEEING.
  5981 | D:6      | 5981 ||| FLEEEEING.
  6140 | D:6      | 6140 ||| FLEEEEING.
  6141 | D:6      | 6141 ||| FLEEEEING.
  6283 | D:6      | 6283 ||| Stepping ~*~*~tactically~*~*~ (water).
  6289 | D:6      | Reached skill level 6 in Fighting
  6289 | D:6      | 6289 ||| FLEEEEING.
  6290 | D:6      | 6290 ||| FLEEEEING.
  6291 | D:6      | 6291 ||| FLEEEEING.
  6291 | D:6      | HP: 12/51 [electric eel/bolt of electricity (1)]
  6292 | D:6      | 6292 ||| FLEEEEING.
  6293 | D:6      | 6293 ||| FLEEEEING.
  7186 | D:6      | 7186 ||| READING 2 scrolls labelled VYF FEYRPHOUM IWN.
  7187 | D:6      | 7187 ||| READING scroll of enchant armour.
  7187 | D:6      | 7187 ||| ENCHANTING +0 pair of gloves.
  7188 | D:6      | 7188 ||| READING scroll labelled ALOAFA OMMAGYU.
  7189 | D:6      | 7189 ||| READING 2 scrolls of identify.
  7189 | D:6      | 7189 ||| IDENTIFYING yellow potion
  7336 | D:7      | Reached XP level 9. HP: 46/55 MP: 9/9
  7396 | D:7      | 7396 ||| Stepping ~*~*~tactically~*~*~ (stealth).
  7410 | D:7      | Reached skill level 9 in Axes
  7410 | D:7      | 7410 ||| Stepping ~*~*~tactically~*~*~ (hiding).
  7411 | D:7      | 7411 ||| FLEEEEING.
  7412 | D:7      | 7412 ||| FLEEEEING.
  7413 | D:7      | 7413 ||| FLEEEEING.
  7414 | D:7      | 7414 ||| FLEEEEING.
  7415 | D:7      | 7415 ||| FLEEEEING.
  7416 | D:7      | 7416 ||| FLEEEEING.
  7418 | D:7      | 7418 ||| FLEEEEING.
  7419 | D:7      | 7419 ||| FLEEEEING.
  7420 | D:7      | 7420 ||| FLEEEEING.
  7421 | D:7      | 7421 ||| FLEEEEING.
  7422 | D:7      | 7422 ||| FLEEEEING.
  7423 | D:7      | 7423 ||| FLEEEEING.
  7424 | D:7      | 7424 ||| FLEEEEING.
  7425 | D:7      | 7425 ||| FLEEEEING.
  7426 | D:7      | 7426 ||| FLEEEEING.
  7428 | D:7      | 7428 ||| FLEEEEING.
  7429 | D:7      | 7429 ||| FLEEEEING.
  7430 | D:7      | 7430 ||| FLEEEEING.
  7432 | D:7      | 7432 ||| FLEEEEING.
  7433 | D:7      | 7433 ||| FLEEEEING.
  7434 | D:7      | 7434 ||| FLEEEEING.
  7435 | D:7      | 7435 ||| FLEEEEING.
  7436 | D:7      | 7436 ||| FLEEEEING.
  7437 | D:7      | 7437 ||| FLEEEEING.
  7438 | D:7      | 7438 ||| FLEEEEING.
  7439 | D:7      | 7439 ||| FLEEEEING.
  7440 | D:7      | 7440 ||| FLEEEEING.
  7441 | D:7      | 7441 ||| FLEEEEING.
  7442 | D:7      | 7442 ||| FLEEEEING.
  7443 | D:7      | 7443 ||| FLEEEEING.
  7444 | D:7      | 7444 ||| FLEEEEING.
  7445 | D:7      | 7445 ||| FLEEEEING.
  7446 | D:7      | 7446 ||| FLEEEEING.
  7448 | D:7      | 7448 ||| FLEEEEING.
  7449 | D:7      | 7449 ||| FLEEEEING.
  7450 | D:7      | 7450 ||| FLEEEEING.
  7451 | D:7      | 7451 ||| FLEEEEING.
  7452 | D:7      | 7452 ||| FLEEEEING.
  7453 | D:7      | 7453 ||| FLEEEEING.
  7454 | D:7      | 7454 ||| FLEEEEING.
  7455 | D:7      | 7455 ||| FLEEEEING.
  7456 | D:7      | 7456 ||| STAIRDANCE
  7509 | D:6      | 7509 ||| UPGRADING to +0 cloak.
  7514 | D:6      | 7514 ||| READING 2 scrolls of identify.
  7514 | D:6      | 7514 ||| IDENTIFYING bubbling pink potion
  7517 | D:7      | 7517 ||| STAIRDANCE
  7526 | D:7      | 7526 ||| Stepping ~*~*~tactically~*~*~ (hiding).
  7529 | D:7      | 7529 ||| Stepping ~*~*~tactically~*~*~ (hiding).
  7531 | D:7      | 7531 ||| Stepping ~*~*~tactically~*~*~ (hiding).
  7800 | D:7      | 7800 ||| Stepping ~*~*~tactically~*~*~ (hiding).
  7801 | D:7      | 7801 ||| Stepping ~*~*~tactically~*~*~ (hiding).
  7803 | D:7      | 7803 ||| Stepping ~*~*~tactically~*~*~ (hiding).
  7926 | D:7      | 7926 ||| Stepping ~*~*~tactically~*~*~ (hiding).
  7929 | D:7      | 7929 ||| Stepping ~*~*~tactically~*~*~ (hiding).
  7930 | D:7      | 7930 ||| Stepping ~*~*~tactically~*~*~ (hiding).
  7992 | D:7      | 7992 ||| Stepping ~*~*~tactically~*~*~ (stealth).
  8043 | D:7      | Reached skill level 6 in Armour
  8160 | D:7      | 8160 ||| READING 2 scrolls of identify.
  8160 | D:7      | 8160 ||| IDENTIFYING fuming blue potion
  8432 | D:7      | 8432 ||| READING scroll of brand weapon.
  8432 | D:7      | 8432 ||| BRANDING +0 war axe of freezing.
  8662 | D:7      | 8662 ||| DROPPING scarf of harm.
  8663 | D:7      | 8663 ||| READING scroll labelled BAUJEGEYDA.
  8785 | D:8      | Found Ebriacekk's Antique Weapon Boutique.
  8933 | D:8      | 8933 ||| Stepping ~*~*~tactically~*~*~ (cloud).
  9149 | D:8      | Noticed a troll
  9165 | D:8      | Killed a troll
  9166 | D:8      | Reached XP level 10. HP: 64/64 MP: 10/10
  9274 | D:8      | 9274 ||| Stepping randomly (disturbance).
  9301 | D:8      | Killed an unseen horror
  9578 | D:8      | 9578 ||| DROPPING +4 chain mail.
  9579 | D:8      | 9579 ||| READING 2 scrolls labelled YKKURI OGUT.
  9580 | D:8      | 9580 ||| DRINKING 2 fizzy sapphire potions.
  9581 | D:8      | 9581 ||| READING 2 scrolls of identify.
  9581 | D:8      | 9581 ||| IDENTIFYING sedimented green potion
  9582 | D:8      | 9582 ||| DRINKING potion of experience.
  9582 | D:8      | Reached skill level 12 in Armour
  9582 | D:8      | Reached XP level 11. HP: 68/68 MP: 11/11
  9583 | D:8      | 9583 ||| DROPPING potion of brilliance.
  9584 | D:8      | 9584 ||| DROPPING scroll of amnesia.
  9651 | D:9      | Noticed Grum
  9652 | D:9      | 9652 ||| Stepping ~*~*~tactically~*~*~ (hiding).
  9685 | D:9      | Noticed Pikel
  9693 | D:9      | Killed Grum
  9698 | D:9      | Killed Pikel
  9700 | D:9      | Found Ginkooti's General Store.
  9851 | D:9      | 9851 ||| Stepping ~*~*~tactically~*~*~ (stealth).
  9866 | D:9      | 9866 ||| Stepping ~*~*~tactically~*~*~ (stealth).
  9873 | D:9      | 9873 ||| Stepping ~*~*~tactically~*~*~ (stealth).
  9881 | D:9      | 9881 ||| Stepping ~*~*~tactically~*~*~ (stealth).
  9893 | D:9      | 9893 ||| Stepping ~*~*~tactically~*~*~ (stealth).
  9940 | D:9      | Noticed Joseph
  9955 | D:9      | Killed Joseph
 10006 | D:9      | 10006 ||| Stepping ~*~*~tactically~*~*~ (stealth).
 10031 | D:9      | 10031 ||| Stepping ~*~*~tactically~*~*~ (stealth).
 10045 | D:9      | Found a basalt altar of Yredelemnul.
 10052 | D:9      | 10052 ||| Stepping ~*~*~tactically~*~*~ (stealth).
 10128 | D:9      | Found a sacrificial altar of Ru.
 10201 | D:9      | Reached skill level 9 in Fighting
 10414 | D:9      | Noticed Erica
 10428 | D:9      | 10428 ||| DRINKING 7 potions of curing.
 10428 | D:9      | 10428 ||| (to cure confusion)
 10438 | D:9      | Killed Erica
 10590 | D:10     | Entered Level 10 of the Dungeon
 10775 | D:10     | Reached XP level 12. HP: 45/76 MP: 12/12
 10782 | D:10     | Noticed a sun demon
 10783 | D:10     | Reached skill level 12 in Axes
 10787 | D:10     | 10787 ||| FLEEEEING.
 10788 | D:10     | 10788 ||| FLEEEEING.
 10789 | D:10     | 10789 ||| STAIRDANCE
 10990 | D:10     | 10990 ||| Stepping ~*~*~tactically~*~*~ (stealth).
 10994 | D:10     | 10994 ||| Stepping ~*~*~tactically~*~*~ (stealth).
 10995 | D:10     | 10995 ||| Stepping ~*~*~tactically~*~*~ (stealth).
 11012 | D:10     | 11012 ||| Stepping ~*~*~tactically~*~*~ (stealth).
 11027 | D:10     | 11027 ||| Stepping ~*~*~tactically~*~*~ (stealth).
 11029 | D:10     | 11029 ||| Stepping ~*~*~tactically~*~*~ (stealth).
 11032 | D:10     | 11032 ||| Stepping ~*~*~tactically~*~*~ (hiding).
 11041 | D:10     | 11041 ||| Stepping ~*~*~tactically~*~*~ (hiding).
 11055 | D:10     | 11055 ||| Stepping ~*~*~tactically~*~*~ (hiding).
 11062 | D:10     | Reached skill level 3 in Dodging
 11079 | D:10     | Noticed a soul eater
 11081 | D:10     | 11081 ||| DRINKING 4 potions of cancellation.
 11086 | D:10     | 11086 ||| READING 4 scrolls of teleportation.
 11087 | D:10     | HP: 13/76 [soul eater[a kobold demonologist] (14)]
 11088 | D:10     | 11088 ||| DRINKING potion of heal wounds.
 11255 | D:10     | 11255 ||| FLEEEEING.
 11256 | D:10     | 11256 ||| FLEEEEING.
 11257 | D:10     | 11257 ||| FLEEEEING.
 11258 | D:10     | 11258 ||| FLEEEEING.
 11259 | D:10     | 11259 ||| FLEEEEING.
 11260 | D:10     | 11260 ||| FLEEEEING.
 11261 | D:10     | 11261 ||| FLEEEEING.
 11262 | D:10     | 11262 ||| STAIRDANCE
 11601 | D:10     | 11601 ||| Stepping ~*~*~tactically~*~*~ (stealth).
 11602 | D:10     | 11602 ||| Stepping ~*~*~tactically~*~*~ (stealth).
 11630 | D:10     | Reached skill level 6 in Shields
 11634 | D:10     | Found a staircase to the Lair.
 11722 | D:10     | 11722 ||| Stepping ~*~*~tactically~*~*~ (stealth).
 11830 | D:10     | Identified the +6 morningstar "Haxoorec" {vamp, *Rage rPois
                  | Will+ Int+6}
 11880 | D:10     | 11880 ||| Stepping ~*~*~tactically~*~*~ (stealth).
 11881 | D:10     | 11881 ||| Stepping ~*~*~tactically~*~*~ (stealth).
 11998 | D:10     | Found an ancient bone altar of Kikubaaqudgha.
 12032 | D:10     | 12032 ||| DROPPING +0 flail.
 12055 | D:10     | 12055 ||| Stepping ~*~*~tactically~*~*~ (stealth).
 12117 | D:10     | 12117 ||| UPGRADING to amulet of regeneration.
 12195 | D:11     | Noticed a boulder beetle
 12232 | D:11     | Noticed a two-headed ogre
 12238 | D:11     | 12238 ||| Stepping ~*~*~tactically~*~*~ (hiding).
 12246 | D:11     | HP: 13/77 [boulder beetle (19)]
 12247 | D:11     | 12247 ||| READING 3 scrolls of teleportation.
 12248 | D:11     | Noticed a six-headed hydra
 12248 | D:11     | HP: 6/77 [two-headed ogre/+0 giant club (13)]
 12249 | D:11     | Slain by an orc warrior

Levels and vault maps discovered:
D:1:      elethiomel_arrival_fortress_basement, layout_basic,
          shapermc_ecumenical_altar_mp_ritualfount, minmay_door_square,
          minmay_bisected
D:2:      layout_basic, grunt_decor_cap
D:3:      layout_loops_ring, serial_rivers, chequers_serial_rivers_large_a,
          chequers_serial_rivers_micro_a, chequers_serial_rivers_marsh,
          chequers_serial_rivers_small_a
D:4:      layout_basic, mainiacjoe_overflow_surrounded_room
D:5:      layout_basic, ebering_ghost_sewer_d
D:6:      layout_basic, minmay_temple_entry_glassed_door, kennysheep_diamond
D:7:      layout_basic
D:8:      kennysheep_six_static_rooms, layout_basic, serial_shops,
          nicolae_diamond_shop, chequers_serial_rivers_micro_e
D:9:      layout_irregular_city, nicolae_yredelemnul_corpse_copse,
          mainiacjoe_overflow_alcove_1, serial_shops, shop, st_stairs_6,
          uniq_joseph, uniq_erica, uniq_grum, uniq_pikel
D:10:     layout_loops_corners, lemuel_mausoleum_altar_kikubaaqudgha,
          due_lair_maze_entry_diamond
D:11:     layout_long_grid, erik_orc_2

Skill      XL: |  1  2  3  4  5  6  7  8  9 10 11 12 |
---------------+-------------------------------------+-----
Axes           | 2 3 4 5 6 7 8 10 11 12 | 12.0
Fighting       | 4 5 6 7 8 9 |  9.7
Armour         | 4 5 6 12 | 12.8
Dodging        | 1 2 3 |  3.0
Throwing       | 1 |  1.3
Shields        | 4 5 6 |  6.1

Action                   |  1- 3 |  4- 6 |  7- 9 | 10-12 || total
-------------------------+-------+-------+-------+-------++-------
Melee: War axe           |   129 |   157 |   277 |   509 ||  1072
Throw: Boomerang         |       |    61 |    40 |    67 ||   168
  Use: Scroll            |     4 |     7 |    11 |     4 ||    26
       Potion            |     2 |       |       |     5 ||     7
Armor: Scale mail        |    50 |       |       |       ||    50
       Plate armour      |    53 |   106 |   227 |   450 ||   836
Dodge: Dodged            |    62 |    47 |    90 |   231 ||   430
Block: Buckler           |    23 |    28 |    54 |   150 ||   255

Table legend:
 A = Non-vault XP
 B = Vault XP
 C = Vault XP percentage of total XP
 D = Non-vault monster count
 E = Vault monster count
 F = Vault count percentage of total count
                 A         B        C        D         E       F
            +---------+---------+-------+---------+---------+-------
      Total |    8980 |    8108 |  47.4 |     212 |      54 |  20.3
            +---------+---------+-------+---------+---------+-------
        D:1 |      34 |       7 |  17.1 |      21 |       5 |  19.2
        D:2 |      36 |       0 |   0.0 |      13 |       0 |   0.0
        D:3 |     226 |       0 |   0.0 |      38 |       0 |   0.0
        D:4 |     231 |       0 |   0.0 |      12 |       0 |   0.0
        D:5 |     476 |       0 |   0.0 |      23 |       0 |   0.0
        D:6 |    1246 |      77 |   5.8 |      21 |       2 |   8.7
        D:7 |    1223 |       0 |   0.0 |      16 |       0 |   0.0
        D:8 |    1227 |     779 |  38.8 |      12 |       6 |  33.3
        D:9 |    2084 |    4894 |  70.1 |      27 |      18 |  40.0
       D:10 |    2197 |    2351 |  51.7 |      29 |      23 |  44.2
            +---------+---------+-------+---------+---------+-------
